 Dungeon Crawl Stone Soup version 0.30-a0-965-g42e074c17a (webtiles) character file.

Game seed: 8196548598142193478

52 xian the Vexing (level 4, -1/32 HPs)
             Began as a Formicid Hexslinger on Mar 31, 2023.
             Slain by a goblin
             ... wielding a +0 dagger
              (4 damage)
             ... on level 2 of the Dungeon.
             The game lasted 00:02:20 (957 turns).

xian the Vexing (Formicid Hexslinger)                Turns: 957, Time: 00:02:21

Health: -1/32      AC:  2    Str: 16    XL:     4   Next: 8%
Magic:  5/5        EV: 12    Int: 13    God:
Gold:   82         SH:  0    Dex: 14    Spells: 1/5 levels left

rFire   + . .      SeeInvis +    a - +1 sling
rCold   x . .      Faith    .    (no shield)
rNeg    . . .      Spirit   .    c - +0 robe
rPois   .          Reflect  .    (helmet unavailable)
rElec   .          Rampage  .    (no cloak)
rCorr   .                        (no gloves)
Will    .....                    (no boots)
Stlth   +                        (no amulet)
HPRegen 0.25/turn                i - ring of fire
MPRegen 0.09/turn                (no ring)

@: no status effects
A: permanent stasis, dig shafts and tunnels, antennae 3, four strong arms
a: Dig, Shaft Self


You were on level 2 of the Dungeon.
You visited 1 branch of the dungeon, and saw 2 of its levels.

You collected 82 gold pieces.

Inventory:

Hand Weapons
 a - a +1 sling (weapon)
Armour
 c - a +0 robe (worn)
Jewellery
 i - a ring of fire (left hand)
Scrolls
 b - a scroll of poison
 g - a scroll of torment {unknown}
 j - a scroll of enchant weapon {unknown}
Potions
 d - a potion of heal wounds {unknown}
 e - 2 potions of attraction {unknown}
 f - a potion of degeneration {unknown}
 h - a potion of curing {unknown}


   Skills:
 + Level 1.3 Fighting
 + Level 3.2 Ranged Weapons
 + Level 2.0 Dodging
 + Level 0.1 Stealth
 + Level 1.1 Spellcasting
 + Level 4.3 Hexes


You had one spell level left.
You knew the following spells:

 Your Spells              Type           Power      Damage    Failure   Level
a - Slow                  Hex            48%        N/A       4%          1
b - Inner Flame           Hex/Fire       9%         N/A       34%         3

Your spell library contained the following spells:

 Spells                   Type           Power      Damage    Failure   Level
 Portal Projectile        Hex/Tloc       12%        N/A       34%         3
 Cause Fear               Hex            6%         N/A       43%         4


Dungeon Overview and Level Annotations

Branches:
Dungeon (2/15)

Altars:


Innate Abilities, Weirdness & Mutations

You cannot be hasted, slowed, berserked, paralysed or teleported.
You can dig through walls and to a lower floor.
You have a pair of large antennae on your head. (SInv)
Your four strong arms can wield two-handed weapons with a shield.


Message History

Fire: a) +1 sling
Press: ? - help, Q - select action, (/) - cycle Shift-Dir - straight line, f/p - endoplasm
Aim: an endoplasm (moderately wounded, 85% to hit)
You shoot a sling bullet. The sling bullet hits the endoplasm.
The endoplasm is severely wounded.
The goblin hits you with a +0 dagger.
* * * LOW HITPOINT WARNING * * *
The endoplasm misses you.
Fire: a) +1 sling
Press: ? - help, Q - select action, (/) - cycle Shift-Dir - straight line, f/p - endoplasm
Aim: an endoplasm (severely wounded, 85% to hit)
You shoot a sling bullet. The sling bullet hits the endoplasm!
You kill the endoplasm!
The goblin hits you but does no damage.
Fire: a) +1 sling
Press: ? - help, Q - select action, (/) - cycle Shift-Dir - straight line, f - endoplasm
Aim: an endoplasm (85% to hit)
You shoot a sling bullet.
The sling bullet closely misses the goblin.
The sling bullet hits the endoplasm.
The endoplasm is heavily wounded.
The goblin hits you but does no damage.
Fire: a) +1 sling
Press: ? - help, Q - select action, (/) - cycle Shift-Dir - straight line, f/p - endoplasm
Aim: an endoplasm (heavily wounded, 85% to hit)
You shoot a sling bullet. The sling bullet hits the endoplasm.
The endoplasm is severely wounded.
The endoplasm barely misses you. The goblin hits you with a +0 dagger.
* * * LOW HITPOINT WARNING * * *
Fire: a) +1 sling
Press: ? - help, Q - select action, (/) - cycle Shift-Dir - straight line, f/p - endoplasm
Aim: an endoplasm (severely wounded, 85% to hit)
You shoot a sling bullet.
The sling bullet hits the endoplasm but does no damage.
The endoplasm is severely wounded.
The endoplasm freezes you.
You are frozen.
You feel a terrible chill!
* * * LOW HITPOINT WARNING * * *
The goblin hits you with a +0 dagger.
You die...

#####.# #.#####
#.....# #.#
##.#######.# #.#
#.....#
#.###.#####
#...#'####
#........#
#........#
#......@.#
#......gJ#
#........#
#........#
#........#
#........)..J...
#...............
######..........
#.......#..


You could see an endoplasm and a goblin.

Vanquished Creatures
  2 gnolls
  An adder (D:2)
  A dart slug (D:1)
  4 bats
  5 endoplasms
  2 goblins
  2 hobgoblins (D:1)
  2 ball pythons
  4 rats
23 creatures vanquished.

Notes
Turn   | Place    | Note
-------+----------+-------------------------------------------
     0 | D:1      | xian the Formicid Hexslinger began the quest for the Orb.
     0 | D:1      | Reached XP level 1. HP: 15/15 MP: 2/2
    87 | D:1      | Reached XP level 2. HP: 21/21 MP: 3/3
   203 | D:1      | Reached skill level 4 in Hexes
   203 | D:1      | Reached XP level 3. HP: 17/26 MP: 1/4
   892 | D:2      | Learned a level 3 spell: Inner Flame
   952 | D:2      | Reached XP level 4. HP: 11/32 MP: 5/5
   957 | D:2      | Slain by a goblin

Illustrated notes

Levels and vault maps discovered:
D:1:      lemuel_arrival_room, layout_basic, supply_closet_lemuel
D:2:      layout_basic, basic_altar

Skill      XL: |  1  2  3 |
---------------+----------+-----
Hexes          | 4 |  4.3
Ranged Weapons | 3 |  3.2
Dodging        | 2 |  2.0
Fighting       | |  1.3
Stealth        | |  0.1
Spellcasting   | |  1.1

Action                     |  1- 3 |  4- 6 || total
---------------------------+-------+-------++-------
   Fire: Sling             |    54 |     6 ||    60
   Cast: Slow              |     4 |       ||     4
 Armour: Robe              |     3 |     2 ||     5
  Dodge: Dodged            |    14 |     6 ||    20

Table legend: (Time is in decaauts)
 A = Elapsed time spent in this place.
 B = Non-inter-level travel time spent in this place.
 C = Inter-level travel time spent in this place.
 D = Time resting spent in this place.
 E = Time spent auto-exploring this place.
 F = Levels seen in this place.
 G = Mean time per level.
                   A        B        C        D        E       F      G
               +--------+--------+--------+--------+--------+-----+--------+
         Total |    971 |    898 |     73 |      0 |    736 |   2 |  485.5 |
       Dungeon |    971 |    898 |     73 |      0 |    736 |   2 |  485.5 |
               +--------+--------+--------+--------+--------+-----+--------+

Top non-repeatable levels by time:
     D:1: 837 daAuts
     D:2: 133 daAuts
